 Dungeon Crawl Stone Soup version 0.32-a0-872-g59262bdc9b (webtiles) character file.

Game seed: 5317014859428115818

1158799 Konar the Conqueror (level 27, -14/273 HPs)
             Began as a Coglin Hunter on Mar 29, 2024.
             Was a High Priest of the Shining One (penitent).
             Killed from afar by Dispater (64 damage)
             ... with a crystal spear
             ... on level 7 of the Iron City of Dis on Mar 30, 2024.
             The game lasted 03:04:38 (104508 turns).

Konar the Conqueror (Coglin Hunter)               Turns: 104508, Time: 03:04:39

Health: -14/273    AC: 10    Str: 12      XL:     27
Magic:  44/44      EV: 32    Int:  7      God:    the Shining One [*****.]
Gold:   7525       SH:  0    Dex: 23 (31) Spells: 44/60 levels left

rFire   + + .        C - +3 greatsling "Punk" {acid, rCorr}
rCold   + + .        d - +9 hand cannon (holy) {Rabi}
rNeg    + + .        L - +2 faerie dragon scales {rElec rF+ Will+++ rCorr Int-2}
rPois   .            f - +2 helmet {SInv}
rElec   +            G - scarf {rC+ rF+}
rCorr   +            E - +3 pair of gauntlets of War {Slay+5}
SInv    +            e - +2 pair of boots
Will    +++++        (amulet unavailable)
Stlth   ++           (ring unavailable)
HPRegen 0.65/turn    (ring unavailable)
MPRegen 0.29/turn    H - secondary booster {Gadgeteer, rC+ Will+}

%: no passive effects
@: hasted, studying 2 skills, invisible, corroded, revved, very quick
A: off-hand wielding, slow wielding, warmup strikes, no jewellery, robust 1
}: 11/15 runes: decaying, serpentine, slimy, silver, obsidian, abyssal, demonic,
glowing, magical, fiery, dark
a: Renounce Religion


You were on level 7 of the Iron City of Dis.
You worshipped the Shining One.
The Shining One was demanding penance.
You visited 15 branches of the dungeon, and saw 71 of its levels.
You visited Pandemonium 2 times, and saw 34 of its levels.
You visited the Abyss 5 times.
You visited 1 bazaar.
You also visited: Ossuary and Wizlab.

You collected 17445 gold pieces.
You spent 9920 gold pieces at shops.

Inventory:

Hand Weapons
 d - a +9 hand cannon of holy wrath (offhand) {Rabi}
 y - the +7 hand cannon "Mule" {flame, backblast, rF+}
   (Okawaru gifted it to you on level 1 of the Lair of Beasts)

   rF+:       It protects you from fire.
 C - the +3 greatsling "Punk" (weapon) {acid, rCorr}
   (You found it on level 3 of the Crypt)

   rCorr:     It protects you from acid and corrosion.
Armour
 e - a +2 pair of boots (worn)
 f - a +2 helmet of see invisible (worn)
 E - the +3 pair of gauntlets of War (worn) {Slay+5}
   (Okawaru gifted it to you on level 1 of the Lair of Beasts)

   Slay+5:    It affects your accuracy & damage with ranged weapons and melee
   (+5).
 G - a scarf of resistance (worn)
 L - the +2 faerie dragon scales (worn) {rElec rF+ Will+++ rCorr Int-2}
   (You took it off the Enchantress on level 4 of the Depths)

   Int-2:     It affects your intelligence (-2).
   rF+:       It protects you from fire.
   rElec:     It insulates you from electricity.
   Will+++:   It greatly increases your willpower.
   rCorr:     It protects you from acid and corrosion.
Gizmo
 H - a secondary booster (installed) {Gadgeteer, rC+ Will+}
   (You invented it yourself on level 4 of the Lair of Beasts)

   [secondary booster]

   Gadgeteer: Your evocable items recharge 30% faster and wands have a 30%
   chance to not spend a charge.
   rC+:       It protects you from cold.
   Will+:     It increases your willpower.
Wands
 c - a wand of acid (62)
 q - a wand of flame (29)
 w - a wand of polymorph (41)
 F - a wand of iceblast (97)
 T - a wand of mindburst (31)
 Y - a wand of digging (54)
Scrolls
 b - 6 scrolls of butterflies
 g - 16 scrolls of teleportation
 n - 11 scrolls of fog
 o - 14 scrolls of immolation
 p - 4 scrolls of silence
 r - 9 scrolls of vulnerability
 x - 2 scrolls of blinking
 D - 10 scrolls of amnesia
 K - 15 scrolls of poison
 O - 7 scrolls of revelation
 Q - 8 scrolls of fear
 R - 2 scrolls of brand weapon
 V - 5 scrolls of enchant weapon
 X - 10 scrolls of enchant armour
Potions
 h - 24 potions of curing
 i - 12 potions of attraction
 k - 4 potions of heal wounds
 l - 14 potions of cancellation
 m - 2 potions of ambrosia
 s - 7 potions of mutation
 t - 9 potions of enlightenment
 v - 14 potions of brilliance
 z - 7 potions of invisibility
 A - 18 potions of might
 I - 6 potions of berserk rage
 J - 13 potions of magic
 W - 4 potions of resistance
 Z - 9 potions of lignification
Miscellaneous
 a - a lightning rod (4/4)
 B - a box of beasts
 S - the horn of Geryon
 U - a phantom mirror


   Skills:
 O Level 27 Fighting
 O Level 27 Ranged Weapons
 O Level 27 Dodging
 - Level 0.7 Stealth
 * Level 17.0 Spellcasting
 * Level 19.9 Translocations
 + Level 25.5 Invocations
 O Level 27 Evocations


You had 44 spell levels left.
You knew the following spells:

 Your Spells              Type           Power      Damage    Failure   Level
a - Blink                 Tloc           66%        N/A       0%          2
b - Dispersal             Tloc           16%        N/A       1%          6
c - Disjunction           Tloc           16%        N/A       22%         8

Your spell library contained the following spells:

 Spells                   Type           Power      Damage    Failure   Level
 Lesser Beckoning         Tloc           66%        N/A       0%          2
 Teleport Other           Tloc           33%        N/A       0%          3
 Momentum Strike          Conj/Tloc      38%        3d9       1%          2
 Volatile Blastmotes      Fire/Tloc      38%        2d13      1%          3
 Iskenderun's Mystic Bla Conj/Tloc 19%            2d6        (+2d2     1%          4
 Maxwell's Portable Pile  Tloc           33%        2d(10-19) 1%          4
 Passage of Golubria      Tloc           33%        N/A       1%          4
 Vhi's Electric Charge    Tloc/Air       38%        N/A       1%          4
 Gell's Gavotte           Tloc           16%        2d(18-27) 1%          6
 Manifold Assault         Tloc           16%        N/A       3%          7
 Foxfire                  Conj/Fire      20%        2x1d5     12%         1
 Kiss of Death            Conj/Necr      20%        2d7       12%         1
 Sandblast                Erth           10%        2d5       12%         1
 Shock                    Conj/Air       20%        1d4       12%         1
 Slow                     Hex            20%        N/A       12%         1
 Sting                    Conj/Alch      20%        1d4       12%         1
 Call Imp                 Summ           10%        N/A       19%         2
 Ensorcelled Hibernation  Hex/Ice        10%        N/A       19%         2
 Jinxbite                 Hex            10%        N/A       19%         2
 Mercury Vapours          Alch/Air       10%        N/A       19%         2
 Scorch                   Fire           10%        2d5       19%         2
 Sublimation of Blood     Necr           5%         N/A       19%         2
 Confusing Touch          Hex            5%         N/A       36%         3
 Dazzling Flash           Conj/Hex       10%        N/A       36%         3
 Fugue of the Fallen      Necr           5%         N/A       36%         3
 Hailstorm                Conj/Ice       5%         3d5       36%         3
 Inner Flame              Hex/Fire       5%         N/A       36%         3
 Mephitic Cloud           Conj/Alch/Air  5%         N/A       36%         3
 Ozocubu's Armour         Ice            5%         N/A       36%         3
 Passwall                 Erth           5%         N/A       36%         3
 Sigil of Binding         Hex            5%         N/A       36%         3
 Stone Arrow              Conj/Erth      10%        3d7       36%         3
 Summon Ice Beast         Ice/Summ       5%         N/A       36%         3
 Swiftness                Air            5%         N/A       36%         3
 Vampiric Draining        Necr           5%         2d6       36%         3
 Airstrike                Air            2%         2d(1-17)  77%         4
 Anguish                  Hex/Necr       2%         N/A       77%         4
 Animate Armour           Summ/Erth      10%        N/A       77%         4
 Animate Dead             Necr           5%         N/A       77%         4
 Brom's Barrelling Bould  Conj/Erth      5%         2d3       77%         4
 Cause Fear               Hex            2%         N/A       77%         4
 Dispel Undead            Necr           5%         3d7       77%         4
 Flame Wave               Conj/Fire      5%         2d5       77%         4
 Fulminant Prism          Conj/Alch      2%         3d5       77%         4
 Ignite Poison            Fire/Alch      5%         N/A       77%         4
 Olgreb's Toxic Radiance  Alch           5%         N/A       77%         4
 Petrify                  Alch/Erth      5%         N/A       77%         4
 Sticky Flame             Fire/Alch      5%         2d4       77%         4
 Summon Blazeheart Golem  Fire/Summ      5%         N/A       77%         4
 Summon Lightning Spire   Summ/Air       5%         N/A       77%         4
 Alistair's Intoxication  Alch           3%         N/A       98%         5
 Arcjolt                  Conj/Air       2%         1d12      98%         5
 Borgnjor's Vile Clutch   Necr/Erth      2%         N/A       98%         5
 Curse of Agony           Necr           5%         N/A       98%         5
 Fireball                 Conj/Fire      2%         3d4       98%         5
 Freezing Cloud           Conj/Ice/Air   2%         6-21      98%         5
 Irradiate                Conj/Alch      2%         3d12      98%         5
 Iskenderun's Battlesphe  Conj           5%         2d6       98%         5
 Lee's Rapid Deconstruct  Erth           2%         3d5*      98%         5
 Silence                  Hex/Air        2%         N/A       98%         5
 Summon Mana Viper        Hex/Summ       5%         N/A       98%         5
 Yara's Violent Unravell  Hex/Alch       2%         3d3       98%         5
 Bombard                  Conj/Erth      2%         9d1       100%        6
 Conjure Ball Lightning   Conj/Air       2%         3x3d6     100%        6
 Death Channel            Necr           2%         N/A       100%        6
 Eringya's Noxious Bog    Alch           2%         4d6       100%        6
 Permafrost Eruption      Ice/Erth       2%         2x4d2     100%        6
 Plasma Beam              Fire/Air       2%         2x1d12    100%        6
 Sculpt Simulacrum        Ice/Alch       2%         N/A       100%        6
 Starburst                Conj/Fire      2%         6d3       100%        6
 Summon Cactus Giant      Summ           2%         N/A       100%        6
 Enfeeble                 Hex            2%         N/A       100%        7
 Monstrous Menagerie      Summ           2%         N/A       100%        7
 Orb of Destruction       Conj           2%         9d5       100%        7
 Ozocubu's Refrigeration  Ice            2%         4d8       100%        7
 Spellforged Servitor     Conj/Summ      2%         N/A       100%        7
 Summon Hydra             Summ           2%         N/A       100%        7
 Discord                  Hex            2%         N/A       100%        8
 Ignition                 Fire           2%         3d3       100%        8
 Lehudib's Crystal Spear  Conj/Erth      2%         10d2      100%        8
 Chain Lightning          Conj/Air       2%         3d3       100%        9
 Dragon's Call            Summ           2%         N/A       100%        9
 Fire Storm               Conj/Fire      2%         8d1       100%        9
 Shatter                  Erth           2%         3d6*      100%        9


Dungeon Overview and Level Annotations

Branches:
Dungeon (15/15)            Temple (1/1) D:5            Lair (5/5) D:10
  Swamp (4/4) Lair:3        Snake (4/4) Lair:3        Slime (5/5) Lair:4
    Orc (2/2) D:10            Elf (3/3) Orc:2        Vaults (5/5) D:14
  Crypt (3/3) Vaults:3       Tomb (0/3) Crypt:3      Depths (4/4) D:15
   Hell (visited)             Dis (7/7) Hell            Geh (7/7) Hell
    Coc (0/7) Hell            Tar (0/7) Hell            Zot (5/5) Depths:4
Ossuary (visited)          WizLab (visited)

Altars:
Ashenzari
Cheibriados
Dithmenos
Elyvilon
Fedhas
Gozag
Hepliaklqana
Kikubaaqudgha
Makhleb
Nemelex Xobeh
Okawaru
Qazlal
Ru
Sif Muna
Trog
Uskayaw
Vehumet
Wu Jian
Xom
Yredelemnul
Zin
The Shining One
Beogh
Jiyva
Lugonu

Shops:
D:1 *   D:7 =   D:12 [   D:14 (   Orc:1 :   Orc:2 :[((   Elf:3 (   Snake:1 (
Vaults:3 *   Vaults:5 !!!!?=:[(?   Depths:1 *

Portals:
Hell: Depths:1 Depths:2 Depths:3 Depths:4
Abyss: Depths:2 Depths:3
Pandemonium: Depths:1 Depths:2 Depths:3
Ziggurat: Depths:2
Trove: Elf:3 (give +5 demon whip)

Annotations:
D:8 3 runed translucent doors, Torious's ghost, novice DECj
D:11 2 transporters, SunderingTitan's ghost, journeyman DrHW
D:13 3 runed translucent doors, Istubitt's ghost, journeyman TrFi
Lair:5 1 runed translucent door, Shym's ghost, journeyman DgFi
Snake:2 2 transporters, Muf Gebru's ghost, journeyman MiFi
Elf:2 3 runed translucent doors, Filo's ghost, adept MiBe; Konar's ghost, adept CoHu; Shriekmaw's ghost, adept DgGl; jt's ghost, adept CoGl; starts1789's ghost, adept MiBe
Depths:1 6 transporters
Depths:2 1 transporter
Dis:7 Dispater


Innate Abilities, Weirdness & Mutations

You can wield a second weapon in your off-hand.
It takes a long time for you to wield or remove held weapons.
Your first few attacks do less damage.
You cannot equip rings or amulets.
You are robust. (+10% HP)


Message History

You shoot a slug.
The slug hits Dispater but does no damage.
Dispater is moderately wounded.
You shoot a sling bullet. The sling bullet hits Dispater!
Dispater is heavily wounded.
You shoot a sling bullet.
The sling bullet hits Dispater but does no damage.
Dispater is heavily wounded.
You shoot a slug.
The slug hits Dispater but does no damage.
Dispater is heavily wounded.
Dispater gestures at you.
The sphere of damnation explodes!
The damnation engulfs you!!
The damnation engulfs Dispater.
Dispater completely resists.
You hear a roar!
You shoot a sling bullet. The sling bullet hits Dispater.
Dispater is heavily wounded.
You shoot a slug. The slug hits Dispater!!
Dispater convulses!!
Dispater is heavily wounded.
Dispater completely misses you.
You shoot a sling bullet.
The sling bullet hits Dispater but does no damage.
Dispater is heavily wounded.
You shoot a slug. The slug hits Dispater!!
Dispater convulses!!!
Dispater is severely wounded.
You shoot a sling bullet. The sling bullet hits Dispater!!
Dispater is severely wounded.
You shoot a slug. The slug hits Dispater!
Dispater convulses!
Dispater is severely wounded.
Dispater gestures at you.
The sphere of damnation explodes!
The damnation engulfs you!!!
* * * LOW HITPOINT WARNING * * *
The damnation engulfs Dispater.
Dispater completely resists.
You shoot a slug. The slug barely misses Dispater.
You shoot a sling bullet.
Dispater shouts, "Take thy face hence, thou fulsome fly-bitten mammet!"
The sling bullet hits Dispater but does no damage.
Dispater is severely wounded.
Dispater gestures at you. The crystal spear hits you!!!
You die...

,,,*,,****,,,,,####..#....##)###.
,,,*,,*,,,,,,,,...#..#....#...)..
,,,*,,*,,,,,,,,...#..#....######.
,,,*,,*,,***+**#..#..#....#,,,,#.
,,,*,,*,,*,,,,,#..#..#....#,,,,+.
,,,*,,*,,*,,,,,#..#..#....*,,,,#)
,,,*,,*,,*,,,,,#..#..#,,,,*,,,,#.
,,,*,,*,,*,,,,,#&☼#..#,,,,*****#.
,,,*,,*,,*,,,,,#@☼#..#,,,,*,,,,,.
,,,*,,+,,*######°○÷..#,,,,*******
,,,****,,.........####,,,,*,,,,,*
,,,,,,*,,.........#,,,,,,,*,,,,,+
,,,,,,***##########,,,,,,,*,,,,,*
,,,,,,,,,,,,,,,,,,,,,,,,,,*,,,,,*
*********************************


You could see Dispater.

Vanquished Creatures
  Asmodeus (Geh:7)
  the Royal Jelly (Slime:5)
  Mnoleg (Pan)
  Gloorx Vloq (Pan)
  the Serpent of Hell (Geh:7)
  7 dread liches
  9 ancient liches
  Khufu (Crypt:2)
  3 orbs of fire
  3 juggernauts
  A royal mummy (Crypt:2)
  the Lernaean hydra (Swamp:4)
  Bai Suzhen (Swamp:4)
  Josephina (Zot:3)
  7 Killer Klowns
  Boris (twice) (Vaults:2 Crypt:1)
  Margery (Crypt:1)
  Vashnia (Snake:2)
  Saint Roka (Orc:2)
  12 caustic shrikes
  4 curse toes
  Geryon (Hell)
  Nikola (Swamp:2)
  7 golden dragons
  Norris (Depths:2)
  7 bone dragons
  the Enchantress (Depths:4)
  23 Brimstone Fiends
  5 doom hounds (Hell)
  3 electric golems
  Zenata (Vaults:3)
  10 hellephants
  12 Tzitzimimeh (Pan)
  16 tentacled monstrosities
  Mlioglotl (Snake:3)
  3 iron giants
  Rupert (D:12)
  25 Orb Guardians (Zot:5)
  14 Hell Sentinels
  A walking crystal tome (Depths:3)
  13 liches
  A walking earthen tome (Abyss:4)
  17 Ice Fiends (Pan)
  7 deep elf blademasters
  32 searing wretches
  Frances (D:13)
  23 acid blobs
  7 deep elf master archers
  18 titans
  10 quicksilver dragons
  54 Executioners
  26 pandemonium lords (Pan)
  20 ancient champions
  3 sphinxes
  8 death cobs
  12 tentacled starspawn
  Donald (Snake:1)
  8 shadow dragons
  4 tengu reavers
  5 thorn hunters
  18 protean progenitors
  Aizul (Snake:1)
  Kirke (D:12)
  5 revenants
  19 demonspawn warmongers (Pan)
  17 storm dragons
  15 rockslimes
  A daeva (Pan)
  Roxanne (Snake:1)
  12 draconian monks
  5 fenstrider witches
  9 azure jellies
  8 deep elf sorcerers
  7 iron dragons
  6 nagarajas
  15 draconian knights
  A quicksilver elemental (Dis:7)
  61 balrugs
  14 vault wardens
  25 fire giants
  10 draconian shifters
  5 ghost moths
  10 frost giants
  6 deep elf elementalists (Elf:3)
  38 reapers
  5 curse skulls
  A caustic shrike zombie (Abyss:3)
  5 draconian stormcallers
  19 draconian scorchers
  8 ironbound preservers
  24 demonspawn corrupters (Pan)
  13 draconian annihilators
  8 very ugly things
  10 quicksilver oozes
  20 demonspawn blood saints (Pan)
  A juggernaut skeleton (Pan)
  An angel (Abyss:4)
  44 cacodemons
  5 spriggan defenders
  2 orc warlords (Vaults:1)
  4 formless jellyfish
  A caustic shrike skeleton (Crypt:2)
  7 ghouls
  5 ironbound thunderhulks
  4 vampire knights
  4 eleionomae
  4 starflowers (Abyss:3)
  25 stone giants
  6 deep elf annihilators
  10 green draconians
  18 demonspawn black suns (Pan)
  7 deep elf demonologists
  7 war gargoyles
  16 red draconians
  64 lorocyprocas (Pan)
  15 deep elf death magi
  14 yellow draconians
  12 black draconians
  7 bunyips
  Azrael (Snake:3)
  11 dire elephants
  13 white draconians
  11 purple draconians
  3 iron golems
  9 eidola
  Snorg (Lair:4)
  43 blizzard demons
  11 fire dragons
  6 crystal guardians (Vaults:3)
  15 ettins
  17 jiangshi
  An acid blob zombie (Crypt:3)
  An entropy weaver (shapeshifter) (Elf:2)
  6 deep elf high priests
  A quicksilver dragon zombie (Crypt:1)
  32 green deaths
  3 mummy priests
  3 shambling mangroves
  9 yaktaur captains
  9 rakshasas
  11 ice dragons
  A spriggan zombie (Crypt:3)
  23 hydras
  A caustic shrike simulacrum (Crypt:3)
  17 great orbs of eyes
  Fannar (Orc:1)
  34 vault guards
  8 spriggan air magi
  A merfolk avatar (Lair:5)
  The ghost of seren the Carver, a journeyman CoGl of Gozag (D:10)
  11 hell beasts (Pan)
  4 ogre magi (Vaults:5)
  Erolcha (D:11)
  A juggernaut simulacrum (Crypt:3)
  6 salamander tyrants
  2 spriggan skeletons
  9 ironbound frosthearts
  7 anacondas
  2 catoblepae (Lair:5)
  13 centaur warriors
  13 stokers
  2 death knights
  A merfolk aquamancer (Pan)
  8 alligators
  2 jorogumos (Zot:2)
  27 dancing weapons
  3 ghost crabs
  4 two-headed ogres
  9 boulder beetles
  9 deep troll shamans
  30 hell hogs
  8 tengu warriors
  3 deep troll earth magi
  9 satyrs
  19 death yaks
  22 thrashing horrors
  35 demonic crawlers
  3 occultists
  3 spectral emperor scorpions (Pan)
  2 spriggan berserkers
  12 vampire magi
  29 deep elf knights
  115 soul eaters
  15 hell knights
  Amaemon (D:11)
  16 naga sharpshooters
  9 shock serpents
  11 naga warriors
  4 orc high priests
  149 sun demons
  3 salamander mystics
  5 skysharks
  2 bunyip zombies (Crypt:3)
  15 wretched stars
  3 crystal echidnas
  10 shadow wraiths
  59 sixfirhies
  5 iron trolls
  A spatial maelstrom (Abyss:3)
  2 skysharks (shapeshifter)
  A storm dragon skeleton (Crypt:3)
  A glowing orange brain (shapeshifter) (Vaults:5)
  19 skeletal warriors
  4 sea snakes
  8 spriggan druids
  An orb spider (shapeshifter) (Vaults:5)
  32 shadow demons (Pan)
  6 sun moths (Pan)
  17 mana vipers
  3 death drakes
  8 goliath frogs
  3 flayed ghosts
  13 naga ritualists
  149 large abominations
  A sea snake (shapeshifter) (Vaults:3)
  19 deep elf archers
  10 swamp dragons
  9 glowing orange brains
  24 deep trolls
  An iron giant skeleton (Crypt:3)
  4 arcanists
  2 anaconda skeletons
  A bunyip skeleton (Crypt:1)
  6 phantasmal warriors
  48 starcursed masses
  15 ironbound convokers
  2 obsidian bats
  11 harpies
  8 bog bodies
  3 lindwurms (Vaults:1)
  22 deep elf zephyrmancers
  An alligator zombie (Hell)
  A jorogumo zombie (Crypt:3)
  8 orc knights
  A tengu zombie (Vaults:3)
  5 necromancers
  7 orc sorcerers
  8 fauns
  A tengu skeleton (Vaults:3)
  10 shining eyes
  30 ugly things
  29 deep elf pyromancers
  3 cyclopes
  5 will-o-the-wisps
  2 worldbinders (Abyss:4)
  An oklob plant (WizLab)
  A meliai (shapeshifter) (Vaults:5)
  19 salamanders
  A moth of wrath (shapeshifter) (Vaults:5)
  6 manticores
  33 moths of wrath
  15 naga magi
  7 guardian serpents
  13 elephants
  11 rust devils
  5 kobold blastminers
  A storm dragon simulacrum (Zot:3)
  3 water nymphs (Zot:2)
  A black mamba (shapeshifter) (Vaults:5)
  An ice statue (Elf:2)
  A stone giant skeleton (Vaults:2)
  5 eyes of devastation
  42 orange demons
  99 smoke demons
  11 vault sentinels
  4 apocalypse crabs (Abyss:4)
  58 black mambas
  19 cane toads
  A torpor snail (Lair:5)
  Joseph (D:8)
  45 hellions
  A gargoyle (D:11)
  A sea snake zombie (Crypt:3)
  5 rime drakes (Lair:5)
  13 unseen horrors
  A death yak zombie (Crypt:2)
  An unseen horror (shapeshifter) (D:15)
  Psyche (D:10)
  41 yaktaurs
  23 tormentors
  2 unseen horror zombies (D:8)
  9 ice devils
  18 efreet
  5 freezing wraiths
  8 ancient zymes
  3 tengu conjurers
  A black draconian skeleton (Crypt:3)
  7 komodo dragons
  13 red devils
  An unseen horror skeleton (Crypt:2)
  6 guardian mummies (Crypt:3)
  9 spectral harpies (Geh:6)
  4 trolls
  2 sea snake skeletons (Hell)
  3 hydra zombies (Hell)
  9 tyrant leeches
  4 polar bears
  A queen bee (shapeshifter) (Abyss:3)
  5 bloated husks
  A hydra skeleton (Hell)
  27 hellwings
  3 harpy skeletons
  An alligator simulacrum (Hell)
  3 glass eyes (Zot:4)
  33 raiju
  20 hornets
  22 blink frogs
  An iron dragon simulacrum (Abyss:4)
  A snapping turtle (Lair:5)
  A dream sheep (shapeshifter) (Vaults:5)
  A fire dragon zombie (Crypt:3)
  115 slime creatures
  A human simulacrum (Vaults:2)
  2 stone giant simulacra (Vaults:3)
  A tarantella zombie (Crypt:1)
  2 air elementals
  19 spriggans
  A shadow (D:10)
  83 ynoxinuls
  20 water elementals
  35 yaks
  2 basilisks
  3 vampires
  8 wraiths
  A dire elephant simulacrum (Abyss:3)
  8 fire elementals
  11 golden eyes
  11 wargs
  4 wyverns
  4 fire bats (Pan)
  A hog (shapeshifter) (Abyss:4)
  6 humans (D:14)
  Grum (D:11)
  A green draconian simulacrum (Zot:3)
  A wind drake skeleton (Crypt:2)
  2 steam dragons (Lair:5)
  5 hogs (D:12)
  68 neqoxecs
  Menkaure (D:5)
  2 black draconian simulacra (Zot:3)
  53 chaos spawn
  8 redbacks (D:12)
  7 spatial vortices (Abyss:3)
  12 vampire mosquitoes
  An acid dragon (D:9)
  39 nagas
  20 water moccasins
  28 small abominations
  11 swamp worms
  8 hell hounds
  A moth of wrath simulacrum (Zot:3)
  13 swamp drakes
  2 hornet zombies (D:8)
  32 orc warriors
  A two-headed ogre skeleton (Crypt:1)
  5 black bears
  3 ice beasts
  A glowing shapeshifter skeleton (Vaults:3)
  32 laughing skulls
  10 ogres
  A snapping turtle zombie (Crypt:3)
  17 wolves
  9 boggarts
  A boggart (shapeshifter) (Elf:3)
  9 centaurs
  A torpor snail zombie (Crypt:1)
  A snapping turtle skeleton (Abyss:3)
  2 phantoms (D:6)
  2 elf zombies (Ossuary)
  6 weeping skulls (Abyss:3)
  15 bullfrogs
  3 gnoll sergeants
  2 brain worms (Abyss:4)
  An earth elemental (Elf:2)
  A komodo dragon skeleton (Crypt:1)
  2 wyvern zombies (D:8)
  7 wights
  20 killer bees
  6 electric eels
  5 howler monkeys
  2 crimson imps
  13 centaur zombies
  4 hounds
  3 quasits (Abyss:3)
  2 human zombies
  12 jellies
  A gnoll bouda (D:7)
  21 orc priests
  A basilisk zombie (Crypt:1)
  6 iron imps
  3 iguanas
  2 sleepcaps
  Natasha (thrice) (D:3)
  30 orc wizards
  A killer bee zombie (D:8)
  A deep dwarf skeleton (Crypt:3)
  2 hound zombies
  7 mummies
  Robin (D:3)
  4 howler monkey zombies
  12 gnolls
  A howler monkey skeleton (Crypt:2)
  13 adders
  5 white imps
  8 ufetubi
  An adder zombie (Ossuary)
  An iguana skeleton (Crypt:2)
  3 dart slugs
  2 ribbon worms
  121 orcs
  6 ball pythons
  6 bats
  13 endoplasms
  7 giant cockroaches
  9 hobgoblins
  3 jackals (D:3)
  9 quokkas
  A ball python skeleton (Crypt:2)
  A ball python zombie (Crypt:1)
  A dart slug zombie (Crypt:1)
  3 frilled lizards (D:1)
  3 gnoll zombies (Ossuary)
  12 goblins
  A goblin zombie (D:7)
  A hobgoblin zombie (Ossuary)
  2 jackal zombies (Ossuary)
  11 kobolds
  An orc zombie (D:7)
  A quokka skeleton (Crypt:1)
  5 rats
  2 rat zombies
  4 aspiring fleshes
  4 ball lightnings (Pan)
  10 creeping infernos
  24 fire vortices
  3 lurking horrors
  10 starspawn tentacles
4740 creatures vanquished.

Vanquished Creatures (collateral kills)
  Lom Lobon (Pan)
  2 Executioners (Pan)
  A caustic shrike skeleton (Pan)
  A demonspawn black sun (Pan)
  3 soul eaters (Pan)
  A flayed ghost (Pan)
  An orange demon (Pan)
  2 snapping turtles (Pan)
  A ynoxinul (Pan)
13 creatures vanquished.

Vanquished Creatures (others)
  Cerebov (Pan)
  A deep elf master archer (Abyss:3)
  2 eldritch tentacles (Pan)
  A reaper (Pan)
  A cacodemon (Pan)
  A rakshasa (Pan)
  2 deep elf knights (Elf:3)
  A ynoxinul (Pan)
  A human (D:14)
  2 chaos spawn (Pan)
  An orc (Vaults:5)
  3 ball lightnings (Pan)
  A creeping inferno (Geh:4)
  4 foxfires
  5 starspawn tentacles
27 creatures vanquished.

Grand Total: 4780 creatures vanquished

Notes
Turn   | Place    | Note
-------+----------+-------------------------------------------
     0 | D:1      | Konar the Coglin Hunter began the quest for the Orb.
     0 | D:1      | Reached XP level 1. HP: 16/16 MP: 1/1
    73 | D:1      | Found Newuk's Assorted Antiques.
   216 | D:1      | Reached XP level 2. HP: 22/22 MP: 2/2
   864 | D:2      | Reached XP level 3. HP: 27/27 MP: 3/3
  1184 | D:2      | Reached skill level 5 in Ranged Weapons
  1184 | D:2      | Reached XP level 4. HP: 33/33 MP: 4/4
  1390 | D:2      | Found a faded altar of an unknown god.
  1613 | D:3      | Reached XP level 5. HP: 38/38 MP: 5/5
  1870 | D:3      | Reached XP level 6. HP: 44/44 MP: 6/6
  1895 | D:3      | Noticed Natasha
  1901 | D:3      | Killed Natasha
  2069 | D:3      | Noticed Robin
  2077 | D:3      | Killed Robin
  2330 | D:3      | Noticed Natasha
  2333 | D:3      | Killed Natasha
  2348 | D:3      | Noticed Natasha
  2353 | D:3      | Killed Natasha
  2693 | D:4      | Reached XP level 7. HP: 50/50 MP: 7/7
  2843 | D:4      | Found a sacrificial altar of Ru.
  3101 | D:5      | Entered Level 5 of the Dungeon
  3360 | D:5      | Reached XP level 8. HP: 53/56 MP: 8/8
  3395 | D:5      | Found a staircase to the Ecumenical Temple.
  3404 | Temple   | Entered the Ecumenical Temple
  3412 | Temple   | Became a worshipper of Warmaster Okawaru
  3422 | D:5      | Noticed Menkaure
  3428 | D:5      | Killed Menkaure
  4128 | D:6      | Found a stormy altar of Qazlal.
  4129 | D:6      | Noticed a hornet
  4210 | D:6      | Reached skill level 1 in Invocations
  4315 | D:6      | Reached * piety under Okawaru
  4531 | D:6      | Reached XP level 9. HP: 61/61 MP: 10/10
  4533 | D:6      | Killed a hornet
  4659 | D:6      | Found a radiant altar of Vehumet.
  4670 | D:6      | Found a burning altar of Makhleb.
  4677 | D:6      | Found a basalt altar of Yredelemnul.
  4734 | D:6      | Found a shadowy altar of Dithmenos.
  4744 | D:6      | Reached ** piety under Okawaru
  5101 | D:7      | Found Vuongoh's Jewellery Shoppe.
  5165 | D:7      | Found a sand-covered staircase.
  5196 | Ossuary  | Entered an ossuary
  5873 | D:8      | Noticed a two-headed ogre
  6011 | D:8      | Reached *** piety under Okawaru
  6013 | D:8      | Reached XP level 10. HP: 45/67 MP: 12/12
  6138 | D:8      | Killed a two-headed ogre
  6153 | D:8      | Reached **** piety under Okawaru
  6235 | D:8      | Found a bloodstained altar of Trog.
  6443 | D:8      | Noticed Joseph
  6448 | D:8      | Killed Joseph
  6449 | D:8      | Reached skill level 5 in Fighting
  6614 | D:8      | Found a runed translucent gate.
  6614 | D:8      | Found a runed translucent gate.
  6615 | D:8      | Found a runed translucent gate.
  6615 | D:8      | Noticed Torious's ghost (novice DECj)
  6617 | D:8      | Found a viscous altar of Jiyva.
  6704 | D:9      | Reached skill level 5 in Invocations
  6710 | D:9      | Reached ***** piety under Okawaru
  6773 | D:9      | Found a hazy altar of Hepliaklqana.
  6894 | D:9      | Reached XP level 11. HP: 83/83 MP: 14/14
  7135 | D:9      | Noticed a two-headed ogre
  7139 | D:9      | Killed a two-headed ogre
  7396 | D:10     | Entered Level 10 of the Dungeon
  7598 | D:10     | Found a runed translucent door.
  7601 | D:10     | Noticed seren's ghost (journeyman CoGl)
  7620 | D:10     | Received a gift from Okawaru
  7878 | D:10     | Noticed a two-headed ogre
  7883 | D:10     | Killed a two-headed ogre
  8102 | D:10     | Noticed Psyche
  8107 | D:10     | Killed Psyche
  8293 | D:10     | Found a staircase to the Lair.
  8348 | D:10     | Found a staircase to the Orcish Mines.
  9038 | D:11     | Noticed Grum
  9045 | D:11     | Received a gift from Okawaru
  9057 | D:11     | Killed Grum
  9260 | D:11     | Noticed a cyclops
  9266 | D:11     | Killed a cyclops
  9331 | D:11     | Noticed Amaemon
  9341 | D:11     | Killed Amaemon
  9410 | D:11     | Identified the +6 short sword of Zuhismas {flame, rElec rC+
                  | Str-2 Dex+2}
  9460 | D:11     | Noticed Erolcha
  9500 | D:11     | Found a transporter.
  9500 | D:11     | Noticed a two-headed ogre
  9501 | D:11     | Noticed SunderingTitan's ghost (journeyman DrHW)
  9502 | D:11     | Found a transporter.
  9502 | D:11     | Noticed a two-headed ogre
  9502 | D:11     | Noticed a two-headed ogre
  9503 | D:11     | Noticed a two-headed ogre
  9507 | D:11     | Noticed a two-headed ogre
  9916 | Lair:1   | Entered Level 1 of the Lair of Beasts
  9963 | Lair:1   | Reached skill level 10 in Fighting
  9963 | Lair:1   | Reached XP level 12. HP: 97/97 MP: 17/17
 10186 | Lair:1   | Received a gift from Okawaru
 10186 | Lair:1   | Reached ****** piety under Okawaru
 10196 | Lair:1   | Acquired the +7 hand cannon "Mule" {flame, backblast, rF+}
 10196 | Lair:1   | Received a gift from Okawaru
 10196 | Lair:1   | Found the +7 hand cannon "Mule" {flame, backblast, rF+}
 10207 | Lair:1   | Acquired the +3 pair of gauntlets of War {Slay+5}
 10207 | Lair:1   | Received a gift from Okawaru
 10207 | Lair:1   | Found the +3 pair of gauntlets of War {Slay+5}
 11030 | Lair:2   | Noticed an eight-headed hydra
 11034 | Lair:2   | Killed an eight-headed hydra
 11310 | Lair:2   | Received a gift from Okawaru
 11885 | Lair:3   | Noticed a death yak
 11885 | Lair:3   | Noticed a death yak
 11886 | Lair:3   | Noticed a death yak
 11953 | Lair:3   | Received a gift from Okawaru
 11955 | Lair:3   | Reached skill level 15 in Ranged Weapons
 11955 | Lair:3   | Reached XP level 13. HP: 82/106 MP: 12/19
 12060 | Lair:3   | Found a staircase to the Swamp.
 12069 | Lair:3   | Found a staircase to the Snake Pit.
 12223 | Lair:3   | Received a gift from Okawaru
 13163 | Lair:4   | Received a gift from Okawaru
 13304 | Lair:4   | Found a staircase to the Slime Pits.
 13648 | Lair:4   | Noticed Snorg
 13651 | Lair:4   | Killed Snorg
 13652 | Lair:4   | Reached XP level 14. HP: 116/116 MP: 21/21
 13652 | Lair:4   | Acquired a secondary booster {Gadgeteer, rC+ Will+}
 13977 | Lair:5   | Entered Level 5 of the Lair of Beasts
 13983 | Lair:5   | Received a gift from Okawaru
 14440 | Lair:5   | Identified the +7 trident "Jemn" {antimagic, Fly rPois}
 14441 | Lair:5   | Identified the +1 short sword "Pendulum" {venom, Int+4}
 14454 | Lair:5   | Received a gift from Okawaru
 14499 | Lair:5   | Reached skill level 10 in Invocations
 14670 | Lair:5   | Received a gift from Okawaru
 14744 | Lair:5   | Found a runed translucent door.
 14744 | Lair:5   | Found a shimmering altar of Xom.
 14744 | Lair:5   | Noticed Shym's ghost (journeyman DgFi)
 15053 | Lair:5   | Reached XP level 15. HP: 125/125 MP: 22/22
 15233 | D:10     | Killed seren's ghost
 15265 | Orc:1    | Entered Level 1 of the Orcish Mines
 15414 | Orc:1    | Found Vaemel's Book Emporium.
 15415 | Orc:1    | Noticed Fannar
 15418 | Orc:1    | Killed Fannar
 15483 | Orc:1    | Received a gift from Okawaru
 15633 | Orc:2    | Entered Level 2 of the Orcish Mines
 15863 | Orc:2    | Found a roughly hewn altar of Beogh.
 15902 | Orc:2    | Found a staircase to the Elven Halls.
 16304 | Orc:2    | Noticed Saint Roka
 16315 | Orc:2    | Killed Saint Roka
 16316 | Orc:2    | Reached skill level 15 in Fighting
 16356 | Orc:2    | Found Bikhle Etzu's Antique Armour Shoppe.
 16361 | Orc:2    | Found a roughly hewn altar of Beogh.
 16367 | Orc:2    | Found Hoatifae's Antique Weapon Emporium.
 16434 | Orc:2    | Found a roughly hewn altar of Beogh.
 16445 | Orc:2    | Found Oroshybb's Book Shoppe.
 16500 | Orc:2    | Found a roughly hewn altar of Beogh.
 16524 | Orc:2    | Found Otiowkak's Antique Weapon Emporium.
 16529 | Orc:2    | Bought a brightly glowing sling for 136 gold pieces
 16529 | Orc:2    | Identified the +7 sling of Doom {drain, Fly rPois rF- rC+}
                  | (You bought it in a shop on level 2 of the Orcish Mines)
 16592 | Orc:2    | Found a roughly hewn altar of Beogh.
 16616 | Orc:2    | Received a gift from Okawaru
 16704 | Orc:2    | Found a roughly hewn altar of Beogh.
 16778 | Orc:2    | Found a roughly hewn altar of Beogh.
 16919 | D:11     | Killed Erolcha
 17041 | D:12     | Noticed Rupert
 17046 | D:12     | Killed Rupert
 17219 | D:12     | Found Yzeonad's Antique Armour Shoppe.
 17480 | D:12     | Noticed Kirke
 17486 | D:12     | Killed Kirke
 18300 | D:13     | Identified the +2 ring mail of a Labyrinth {Int+5}
 18321 | D:13     | Noticed Frances
 18329 | D:13     | Killed Frances
 18721 | D:13     | Found a runed translucent gate.
 18721 | D:13     | Found a runed translucent gate.
 18721 | D:13     | Found a runed translucent gate.
 18724 | D:13     | Noticed Istubitt's ghost (journeyman TrFi)
 18727 | D:13     | Found an iron altar of Okawaru.
 18936 | D:14     | Received a gift from Okawaru
 19272 | D:14     | Found a sparkling altar of Nemelex Xobeh.
 19292 | D:14     | Reached XP level 16. HP: 141/141 MP: 16/23
 19931 | D:14     | Found Necel's Weapon Boutique.
 20007 | D:14     | Identified the +0 kite shield "Arrurph" {-Cast Fly rF+
                  | rN+++}
 20012 | D:14     | Found a gate to the Vaults.
 20035 | D:15     | Entered Level 15 of the Dungeon
 20523 | D:15     | Found a staircase to the Depths.
 20545 | D:15     | Received a gift from Okawaru
 21283 | Swamp:1  | Entered Level 1 of the Swamp
 21523 | Swamp:1  | Received a gift from Okawaru
 22233 | Swamp:2  | Got the Anthology of Solid Bewitchment
 22312 | Swamp:2  | Received a gift from Okawaru
 22449 | Swamp:2  | Reached XP level 17. HP: 154/154 MP: 24/24
 22480 | Swamp:2  | Noticed Nikola
 22487 | Swamp:2  | Killed Nikola
 22498 | Swamp:2  | Reached skill level 5 in Dodging
 23069 | Swamp:3  | Received a gift from Okawaru
 23221 | Swamp:4  | Entered Level 4 of the Swamp
 23221 | Swamp:4  | Noticed Bai Suzhen
 23236 | Swamp:4  | Killed Bai Suzhen
 23398 | Swamp:4  | Noticed the 27-headed Lernaean hydra
 23402 | Swamp:4  | Killed the 27-headed Lernaean hydra
 23404 | Swamp:4  | Received a gift from Okawaru
 23636 | Swamp:4  | Identified the +8 plate armour of the Fresh God {+Blink rN+
                  | Int-3}
 24231 | Swamp:4  | Got a decaying rune of Zot
 24471 | Snake:1  | Entered Level 1 of the Snake Pit
 24569 | Snake:1  | Received a gift from Okawaru
 24645 | Snake:1  | Reached XP level 18. HP: 166/166 MP: 25/25
 24732 | Snake:1  | Noticed Roxanne
 24732 | Snake:1  | Noticed Donald
 24740 | Snake:1  | Killed Donald
 25041 | Snake:1  | Identified the +5 falchion "Lych" {flame, Str+5}
 25372 | Snake:1  | Found Sofill's Weapon Shop.
 25580 | Snake:1  | Identified the serpent talisman of the Lusting Gods {Fly
                  | rF++ rC- Stlth+}
 25580 | Snake:1  | Noticed Aizul
 25586 | Snake:1  | Killed Aizul
 25709 | Snake:1  | Killed Roxanne
 25793 | Snake:2  | Noticed Vashnia
 25809 | Snake:2  | Killed Vashnia
 25809 | Snake:2  | Received a gift from Okawaru
 26134 | Snake:2  | Received a gift from Okawaru
 26425 | Snake:2  | Found a transporter.
 26429 | Snake:2  | Identified the ring of the Voivode {+Blink Str+5 Int+6
                  | Stlth+}
 26519 | Snake:2  | Found a bloodstained altar of Trog.
 26519 | Snake:2  | Noticed Muf Gebru's ghost (journeyman MiFi)
 26526 | Snake:2  | Found a transporter.
 26722 | Snake:3  | Noticed Mlioglotl
 26730 | Snake:3  | Killed Mlioglotl
 26733 | Snake:3  | Received a gift from Okawaru
 26996 | Snake:3  | Reached skill level 10 in Dodging
 27051 | Snake:3  | Reached XP level 19. HP: 169/178 MP: 19/26
 27599 | Snake:3  | Noticed Azrael
 27610 | Snake:3  | Killed Azrael
 28074 | Snake:4  | Entered Level 4 of the Snake Pit
 28395 | Snake:4  | Received a gift from Okawaru
 29080 | Snake:4  | Got a serpentine rune of Zot
 29306 | Elf:1    | Entered Level 1 of the Elven Halls
 29829 | Elf:1    | Received a gift from Okawaru
 30561 | Elf:2    | Found a runed translucent gate.
 30561 | Elf:2    | Found a runed translucent gate.
 30561 | Elf:2    | Found a runed translucent gate.
 30677 | Elf:2    | Found a flickering gateway to a bazaar.
 30703 | Bazaar   | Entered a bazaar
 30705 | Bazaar   | Found Sujemn's Weapon Boutique.
 30705 | Bazaar   | Found Gasen's Armour Boutique.
 30731 | Bazaar   | Found Ytauloum's Weapon Shop.
 30780 | Bazaar   | Found Boveih's Jewellery Boutique.
 30897 | Elf:1    | Found a shimmering altar of Xom.
 31082 | Elf:2    | Reached XP level 20. HP: 190/190 MP: 27/27
 31101 | Elf:2    | Found a runed translucent gate.
 31102 | Elf:2    | Found a runed translucent gate.
 31102 | Elf:2    | Noticed Filo's ghost (adept MiBe)
 31102 | Elf:2    | Noticed Shriekmaw's ghost (adept DgGl)
 31102 | Elf:2    | Noticed jt's ghost (adept CoGl)
 31102 | Elf:2    | Noticed Konar's ghost (adept CoHu)
 31103 | Elf:2    | Found a runed translucent gate.
 31103 | Elf:2    | Noticed starts1789's ghost (adept MiBe)
 31205 | Elf:2    | Received a gift from Okawaru
 32140 | Vaults:1 | Entered Level 1 of the Vaults
 32421 | Vaults:1 | Received a gift from Okawaru
 32858 | Vaults:1 | Received a gift from Okawaru
 33811 | Vaults:2 | Identified the +2 robe of the Playwright {Rampage Slay+2}
 33811 | Vaults:2 | Noticed Boris
 33822 | Vaults:2 | Killed Boris
 33866 | Vaults:2 | Found a magical portal.
 33871 | WizLab   | Entered Eringya's Formal Garden
 34394 | WizLab   | Reached XP level 21. HP: 201/201 MP: 28/28
 34395 | WizLab   | Received a gift from Okawaru
 34571 | WizLab   | Found a blossoming altar of Fedhas.
 34579 | WizLab   | Got Eringya's Anthology of the Beaker
 35005 | Vaults:2 | Identified a scroll of acquirement
 35010 | Vaults:2 | Acquired a +1 heavy hand cannon
 36135 | Vaults:3 | Received a gift from Okawaru
 36250 | Vaults:3 | Found a white marble altar of Elyvilon.
 36325 | Vaults:3 | Found a staircase to the Crypt.
 36509 | Vaults:3 | Noticed Zenata
 37135 | Vaults:3 | Reached skill level 27 in Fighting
 37249 | Vaults:3 | Noticed a golden dragon
 37252 | Vaults:3 | Received a gift from Okawaru
 37254 | Vaults:3 | Killed a golden dragon
 37654 | Vaults:3 | Reached skill level 15 in Dodging
 37815 | Vaults:3 | Killed Zenata
 38223 | Vaults:3 | Identified the +4 sling of the Radish {freeze, rElec rN+
                  | rCorr}
 38271 | Vaults:3 | Found Beewkeos's Assorted Antiques.
 38885 | Vaults:4 | Received a gift from Okawaru
 39145 | Vaults:4 | Reached XP level 22. HP: 212/212 MP: 29/29
 39358 | Vaults:4 | Noticed an ancient lich
 39376 | Vaults:4 | Killed an ancient lich
 39851 | Vaults:4 | Received a gift from Okawaru
 40413 | Depths:1 | Entered Level 1 of the Depths
 40417 | Depths:1 | Found Onakesche's General Store.
 40577 | Depths:1 | Found a transporter.
 40579 | Depths:1 | Found a transporter.
 40710 | Depths:1 | Found a one-way gate leading to the halls of Pandemonium.
 40712 | Depths:1 | Found a transporter.
 40714 | Depths:1 | Found a transporter.
 40890 | Depths:1 | Found a gateway to Hell.
 40921 | Depths:1 | Received a gift from Okawaru
 40974 | Depths:1 | Found a transporter.
 40975 | Depths:1 | Found a transporter.
 41189 | Depths:2 | Found a one-way gate to the infinite horrors of the Abyss.
 41226 | Depths:2 | Noticed Norris
 41235 | Depths:2 | Killed Norris
 41454 | Depths:2 | Found a one-way gateway to a ziggurat.
 41517 | Depths:2 | Found a corrupted altar of Lugonu.
 41540 | Depths:2 | Found a blossoming altar of Fedhas.
 41876 | Depths:2 | Found a transporter.
 42131 | Depths:3 | Found a corrupted altar of Lugonu.
 42158 | Depths:3 | Found a glowing silver altar of Zin.
 42563 | Depths:3 | Received a gift from Okawaru
 42564 | Depths:3 | Reached XP level 23. HP: 152/219 MP: 30/30
 42777 | Depths:3 | Identified the +0 scale mail of Weirdness {rC+ Str+2 Dex+6}
 42910 | Depths:3 | Identified the +3 short sword "Haanu" {venom, rElec rF++
                  | Will- MP+9}
 43031 | Depths:4 | Entered Level 4 of the Depths
 43078 | Depths:4 | Noticed a juggernaut
 43082 | Depths:4 | Killed a juggernaut
 43446 | Depths:4 | Received a gift from Okawaru
 43585 | Depths:4 | Found a gate to the Realm of Zot.
 43672 | Depths:4 | Noticed a juggernaut
 43675 | Depths:4 | Killed a juggernaut
 43811 | Depths:4 | Noticed the Enchantress
 43819 | Depths:4 | Killed the Enchantress
 44623 | Elf:3    | Entered Level 3 of the Elven Halls
 45054 | Elf:3    | Found a portal to a secret trove of treasure.
 45086 | Elf:3    | Received a gift from Okawaru
 45474 | Elf:3    | Found Deamaz's Weapon Shoppe.
 45638 | Elf:3    | Identified the +7 orcbow "Bofich" {heavy, rPois Will- Str+2
                  | Int+5}
 45851 | Elf:3    | Identified the +5 long sword of Dominance {antimagic,
                  | Will+}
 45905 | Elf:3    | Identified the staff "Ufanazxawk" {rF+ Int+5 Fire}
 46261 | Elf:3    | Identified the +3 shortbow "Hoessive" {flame, rC+ Dex+2}
 46410 | Elf:3    | Got the Quarto of Injury and Despicable Arts
 46763 | Slime:1  | Entered Level 1 of the Pits of Slime
 47287 | Slime:2  | Reached XP level 24. HP: 227/227 MP: 30/30
 47810 | Vaults:5 | Entered Level 5 of the Vaults
 47816 | Vaults:5 | Received a gift from Okawaru
 48285 | Vaults:5 | Found Ejiebeme's Distillery.
 48315 | Vaults:5 | Received a gift from Okawaru
 48352 | Vaults:5 | Noticed an ancient lich
 48375 | Vaults:5 | Killed an ancient lich
 48386 | Vaults:5 | Received a gift from Okawaru
 48614 | Vaults:5 | Found Potal's Distillery.
 48645 | Vaults:5 | Found Seelodgh's Distillery.
 49145 | Vaults:5 | Found Bolerrae's Book Shoppe.
 49222 | Vaults:5 | Found Goisch's Magic Scroll Shop.
 49253 | Vaults:5 | Got a silver rune of Zot
 49262 | Vaults:5 | Found Zyiterav's Distillery.
 49503 | Vaults:5 | Found Laank's Antique Armour Shop.
 49685 | Vaults:5 | Found Coxurawoq's Jewellery Shoppe.
 49763 | Vaults:5 | Found Ziomi's Magic Scroll Shop.
 49774 | Vaults:5 | Received a gift from Okawaru
 49777 | Vaults:5 | Found Poshreypn's Antique Weapon Shoppe.
 49799 | Vaults:5 | Bought 3 scrolls of blinking for 517 gold pieces
 49799 | Vaults:5 | Bought a scroll of teleportation for 69 gold pieces
 49799 | Vaults:5 | Bought a scroll of blinking for 172 gold pieces
 49799 | Vaults:5 | Bought a scroll of teleportation for 69 gold pieces
 49869 | Vaults:5 | Bought 2 scrolls of teleportation for 120 gold pieces
 49869 | Vaults:5 | Bought a scroll of revelation for 150 gold pieces
 49880 | Vaults:5 | Bought a potion of heal wounds for 65 gold pieces
 49880 | Vaults:5 | Bought a potion of resistance for 130 gold pieces
 49880 | Vaults:5 | Bought a potion of heal wounds for 65 gold pieces
 49880 | Vaults:5 | Bought a potion of haste for 130 gold pieces
 49880 | Vaults:5 | Bought a potion of heal wounds for 65 gold pieces
 49891 | Vaults:5 | Bought a potion of heal wounds for 110 gold pieces
 49891 | Vaults:5 | Bought a potion of invisibility for 176 gold pieces
 49902 | Vaults:5 | Bought a potion of heal wounds for 105 gold pieces
 49902 | Vaults:5 | Bought a potion of mutation for 168 gold pieces
 49913 | Vaults:5 | Bought a potion of invisibility for 104 gold pieces
 49913 | Vaults:5 | Bought a potion of haste for 130 gold pieces
 49913 | Vaults:5 | Bought a potion of heal wounds for 65 gold pieces
 50993 | Slime:3  | Reached XP level 25. HP: 224/234 MP: 30/30
 50995 | Slime:3  | Received a gift from Okawaru
 51973 | Slime:5  | Entered Level 5 of the Pits of Slime
 52261 | Slime:5  | Found the ring of the Tortoise {AC+8}
 52518 | Slime:5  | Noticed the Royal Jelly
 52533 | Slime:5  | Killed the Royal Jelly
 52533 | Slime:5  | Received a gift from Okawaru
 52705 | Slime:5  | Identified the staff of Wyrd {^Fragile Str+4 Int+3 Conj
                  | Air}
 52708 | Slime:5  | Identified the staff "Gytet" {rF+ rN+ rCorr Int+3 SInv
                  | Necro}
 52971 | Slime:5  | Identified the +7 mace "Hozinig" {vamp, Fly rN+ Dex-3 SInv}
 53101 | Slime:5  | Got a slimy rune of Zot
 53103 | Slime:5  | Got the Notes on Arcane Weapons and the Wayfarer
 53422 | Temple   | Fell from the grace of Okawaru
 53422 | Temple   | Became a worshipper of the Shining One
 53776 | Crypt:1  | Entered Level 1 of the Crypt
 53801 | Crypt:1  | Identified the +4 robe "Yrenantuov" {^Contam rC+ Str+3}
 53801 | Crypt:1  | Noticed Boris
 53804 | Crypt:1  | Killed Boris
 53811 | Crypt:1  | Reached * piety under the Shining One
 53835 | Crypt:1  | Noticed Margery
 53840 | Crypt:1  | Killed Margery
 53899 | Crypt:1  | Reached ** piety under the Shining One
 54016 | Crypt:1  | Reached *** piety under the Shining One
 54282 | Crypt:1  | Reached **** piety under the Shining One
 54500 | Crypt:3  | Entered Level 3 of the Crypt
 54754 | Crypt:2  | Noticed Khufu
 54758 | Crypt:2  | Killed Khufu
 54759 | Crypt:2  | Noticed a royal mummy
 54763 | Crypt:2  | Killed a royal mummy
 54778 | Crypt:2  | Reached ***** piety under the Shining One
 55111 | Crypt:2  | Reached ****** piety under the Shining One
 55374 | Crypt:3  | Reached XP level 26. HP: 207/242 MP: 30/30
 55884 | Crypt:3  | Found an ancient bone altar of Kikubaaqudgha.
 55888 | Crypt:3  | Found a basalt altar of Yredelemnul.
 55902 | Crypt:3  | Identified the staff of Contention {rC+ Str-4 Int+6 Conj
                  | Ice}
 55930 | Crypt:3  | Found the +3 greatsling "Punk" {acid, rCorr}
 57014 | Crypt:3  | Found a staircase to the Tomb.
 57434 | Depths:2 | Voluntarily entered the Abyss.
 57517 | Abyss:2  | Found a corrupted altar of Lugonu.
 57525 | Abyss:3  | Found a corrupted altar of Lugonu.
 57573 | Abyss:3  | Found a corrupted altar of Lugonu.
 57599 | Abyss:3  | Found a corrupted altar of Lugonu.
 57604 | Abyss:3  | Found a corrupted altar of Lugonu.
 57614 | Abyss:3  | Found a corrupted altar of Lugonu.
 57614 | Abyss:3  | Found a corrupted altar of Lugonu.
 57614 | Abyss:3  | Found a corrupted altar of Lugonu.
 57614 | Abyss:3  | Found a corrupted altar of Lugonu.
 57906 | Abyss:3  | Noticed an ancient lich
 57912 | Abyss:3  | Killed an ancient lich
 58142 | Abyss:3  | Got an abyssal rune of Zot
 58302 | Depths:2 | Escaped the Abyss
 59334 | Zot:1    | Entered Level 1 of the Realm of Zot
 59355 | Zot:1    | Found a shimmering blue altar of Sif Muna.
 60003 | Zot:1    | Reached XP level 27. HP: 63/249 MP: 30/30
 60160 | Zot:1    | Was forgiven by Okawaru
 60970 | Zot:1    | Identified the +7 hand axe "Musuenku" {freeze, rPois}
 60985 | Zot:1    | Noticed a dread lich
 60986 | Zot:1    | Noticed a dread lich
 60989 | Zot:1    | Killed a dread lich
 60993 | Zot:1    | Killed a dread lich
 61105 | Zot:1    | Found a faded altar of an unknown god.
 61109 | Zot:1    | Identified the +7 fire dragon scales "Uboo" {^Contam
                  | Rampage rF++ rC- rN+++ Int+2}
 63441 | Zot:3    | You fall into a shaft and drop 1 floor!
 63441 | Zot:4    | Noticed an orb of fire
 63471 | Zot:4    | Reached skill level 27 in Dodging
 63479 | Zot:4    | Killed an orb of fire
 63726 | Zot:4    | Identified the scarf "Oskoohyvy" {repulsion, MP+9 Str+2
                  | Stlth+}
 63757 | Zot:4    | Identified the dragon-blood talisman of the Alphagorgon
                  | {*Slow MP+9 Int+6}
 65181 | Zot:3    | Identified the ring "Keostrona" {Ice rPois Dex+4}
 65181 | Zot:3    | Noticed Josephina
 65199 | Zot:3    | Killed Josephina
 65609 | Zot:3    | Identified a +9 hand cannon of holy wrath {Rabi} (a +9
                  | heavy hand cannon {Rabi} blessed by the Shining One)
 65609 | Zot:3    | Received a gift from the Shining One
 66665 | Zot:4    | Reached skill level 1 in Evocations
 68431 | Zot:5    | Entered Level 5 of the Realm of Zot
 68673 | Zot:5    | Reached skill level 5 in Evocations
 68675 | Zot:5    | Noticed an orb of fire
 68679 | Zot:5    | Noticed an orb of fire
 68688 | Zot:5    | Killed an orb of fire
 68690 | Zot:5    | Noticed a dread lich
 68698 | Zot:5    | Noticed an ancient lich
 68698 | Zot:5    | Gained mutation: Your body sometimes deteriorates upon
                  | taking damage. [an orb of fire]
 68700 | Zot:5    | Killed an orb of fire
 68704 | Zot:5    | Killed a dread lich
 68710 | Zot:5    | Killed an ancient lich
 68726 | Zot:5    | Noticed a dread lich
 68741 | Zot:5    | Killed a dread lich
 69065 | Zot:5    | Noticed an ancient lich
 69079 | Zot:5    | Killed an ancient lich
 69084 | Zot:5    | Noticed a dread lich
 69087 | Zot:5    | Killed a dread lich
 69226 | Zot:5    | Noticed a dread lich
 69228 | Zot:5    | Killed a dread lich
 69232 | Zot:5    | Noticed a dread lich
 69237 | Zot:5    | Killed a dread lich
 69250 | Zot:5    | Noticed an ancient lich
 69256 | Zot:5    | Killed an ancient lich
 69256 | Zot:5    | Noticed an ancient lich
 69261 | Zot:5    | Killed an ancient lich
 69262 | Zot:5    | Reached skill level 10 in Evocations
 69723 | Hell     | Entered the Vestibule of Hell
 69723 | Hell     | Noticed Geryon
 69731 | Hell     | Killed Geryon
 69915 | Hell     | Reached skill level 27 in Ranged Weapons
 70022 | Hell     | Found a gateway to the decaying netherworld of Tartarus.
 70075 | Hell     | Found a gateway to the freezing wastes of Cocytus.
 70134 | Hell     | Found a gateway to the Iron City of Dis.
 70210 | Hell     | Found a gateway to the ashen valley of Gehenna.
 70365 | Pan      | Entered Pandemonium
 71106 | Pan      | Found an opulent altar of Gozag.
 71132 | Pan      | Found Uwkar's Fine Accessories.
 71205 | Pan      | Found an opulent altar of Gozag.
 71219 | Pan      | Found Uwkar's Jewellery Shoppe.
 71250 | Pan      | Noticed Uwkar the pandemonium lord
 71253 | Pan      | Killed Uwkar the pandemonium lord
 71261 | Pan      | Found an opulent altar of Gozag.
 71266 | Pan      | Found Uwkar's Demonic Rune Stash.
 71274 | Pan      | Bought a demonic rune of Zot for 6918 gold pieces
 71282 | Pan      | Found Uwkar's Quality Elixirs.
 71297 | Pan      | Bought a potion of mutation for 96 gold pieces
 71297 | Pan      | Bought 2 potions of heal wounds for 120 gold pieces
 71297 | Pan      | Bought a potion of heal wounds for 60 gold pieces
 71297 | Pan      | Bought a potion of heal wounds for 60 gold pieces
 71297 | Pan      | Bought a potion of heal wounds for 60 gold pieces
 71297 | Pan      | Bought a potion of heal wounds for 60 gold pieces
 72149 | Pan      | Noticed Daecayr the pandemonium lord
 72154 | Pan      | Killed Daecayr the pandemonium lord
 72155 | Pan      | Reached skill level 15 in Evocations
 72956 | Pan      | Found an exit through the horrors of the Abyss.
 73371 | Pan      | Noticed Jycrixej the pandemonium lord
 73374 | Pan      | Killed Jycrixej the pandemonium lord
 73586 | Pan      | Acquired the scarf of the Salamander {repulsion, rPois
                  | Will+ rCorr}
 73863 | Pan      | Reached skill level 15 in Invocations
 73930 | Pan      | Gained mutation: You do not regenerate when monsters are
                  | visible. [a neqoxec]
 73934 | Pan      | Noticed Biloan the pandemonium lord
 73940 | Pan      | Killed Biloan the pandemonium lord
 74288 | Pan      | Entered the realm of Gloorx Vloq.
 74354 | Pan      | Found an exit through the horrors of the Abyss.
 74514 | Pan      | Identified the dragon-blood talisman of Fedhas's Wrath
                  | {Int+4}
 74898 | Pan      | Identified the +0 tower shield "Quetuaw" {+Inv Fly MP-9
                  | Str+3}
 74915 | Pan      | Noticed Gloorx Vloq
 74925 | Pan      | Killed Gloorx Vloq
 74947 | Pan      | Got a dark rune of Zot
 75301 | Pan      | Entered the realm of Cerebov.
 75301 | Pan      | Found the +6 sword of Cerebov {flame}
 75301 | Pan      | Noticed Cerebov
 75305 | Pan      | Found an exit through the horrors of the Abyss.
 75603 | Pan      | Killed Cerebov
 76082 | Pan      | Got a fiery rune of Zot
 76100 | Pan      | Got the Collected Works on Dislocation
 76101 | Pan      | Identified the +3 orcbow "Buttett" {flame, rPois rF+ rC+}
 76144 | Pan      | Identified the +7 arbalest of Action {flame, rElec}
 76145 | Pan      | Identified the +5 plate armour "Waurot" {Int+6}
 76169 | Pan      | Identified the +7 halberd "Dragon's Tongue" {spect, Dex+5}
 76189 | Pan      | Got the Papyrus of Distant Worlds
 76452 | Pan      | Noticed Iprecwov the pandemonium lord
 76456 | Pan      | Killed Iprecwov the pandemonium lord
 77198 | Pan      | Found a sparkling altar of Nemelex Xobeh.
 77397 | Pan      | Noticed Ewkaostro the pandemonium lord
 77402 | Pan      | Killed Ewkaostro the pandemonium lord
 77511 | Pan      | Identified the staff "Ytiqoih" {rPois rCorr Int+3 Dex+4
                  | Alchemy}
 77558 | Pan      | Found an exit through the horrors of the Abyss.
 78169 | Pan      | Found an exit through the horrors of the Abyss.
 78516 | Pan      | Entered the realm of Lom Lobon.
 78819 | Pan      | Noticed Lom Lobon
 78829 | Pan      | Killed Lom Lobon
 78845 | Pan      | Got a magical rune of Zot
 79315 | Pan      | Noticed Imebuw the pandemonium lord
 79327 | Pan      | Killed Imebuw the pandemonium lord
 79452 | Pan      | Identified the +1 battleaxe of Dopsitun {freeze, +Blink
                  | Str+5 Int-4 Stlth+}
 79632 | Pan      | Identified the +6 mace of the Eternal Warrior {speed, rN+
                  | Stlth+}
 79789 | Pan      | Identified the +11 hand axe "Zoiss" {protect, rPois MP+9
                  | Str+2 Stlth-}
 79962 | Pan      | Found an exit through the horrors of the Abyss.
 80777 | Pan      | Identified the ring of Wommutol {Ice rElec}
 80787 | Pan      | Noticed Gagibad the pandemonium lord
 80790 | Pan      | Killed Gagibad the pandemonium lord
 81174 | Pan      | Entered the realm of Mnoleg.
 81387 | Pan      | Reached skill level 27 in Evocations
 81399 | Pan      | Found an exit through the horrors of the Abyss.
 81483 | Pan      | Gained mutation: You occasionally lose the ability to read
                  | scrolls when taking damage. [a cacodemon]
 81496 | Pan      | Lost mutation: Your body sometimes deteriorates upon taking
                  | damage. [potion of mutation]
 81496 | Pan      | Lost mutation: You occasionally lose the ability to read
                  | scrolls when taking damage. [potion of mutation]
 81496 | Pan      | Gained mutation: Your flesh is heat resistant. (rF+)
                  | [potion of mutation]
 81496 | Pan      | Gained mutation: Armour fits poorly on your strangely
                  | shaped body. [potion of mutation]
 81496 | Pan      | Gained mutation: You are partially covered in iridescent
                  | scales. (AC +2) [potion of mutation]
 81733 | Pan      | Noticed Mnoleg
 81736 | Pan      | Identified the +0 tower shield of Inevitability {Will+
                  | Int-4 Dex+4}
 81743 | Pan      | Killed Mnoleg
 81828 | Pan      | Got a glowing rune of Zot
 82012 | Pan      | Gained mutation: Your mind is acute. (Int +4, Str/Dex -1)
                  | [a neqoxec]
 82018 | Pan      | Noticed Ziofutif the pandemonium lord
 82033 | Pan      | Killed Ziofutif the pandemonium lord
 82280 | Pan      | Identified the death talisman of Fedhas's Condemnation
                  | {MP+9 Slay+3}
 82588 | Pan      | Found an exit through the horrors of the Abyss.
 82597 | Pan      | Took an exit into the Abyss.
 82597 | Abyss:3  | Escaped into the Abyss
 82597 | Abyss:3  | Found a corrupted altar of Lugonu.
 82826 | Abyss:3  | Lost mutation: Armour fits poorly on your strangely shaped
                  | body. [a shining eye]
 82960 | Depths:3 | Escaped the Abyss
 83058 | Hell     | Upgraded the game from 0.32-a0-871-ge202e49faa to
                  | 0.32-a0-872-g59262bdc9b
 83061 | Geh:1    | Entered Level 1 of Gehenna
 84605 | Geh:7    | Entered Level 7 of Gehenna
 84936 | Geh:7    | Noticed the Serpent of Hell
 84941 | Geh:7    | Killed the Serpent of Hell
 85512 | Geh:7    | Identified the +6 war axe of the Orb {protect, rPois Int+4}
 85623 | Geh:7    | Found the +13 sceptre of Asmodeus
 85623 | Geh:7    | Noticed Asmodeus
 85631 | Geh:7    | Killed Asmodeus
 85660 | Geh:7    | Got an obsidian rune of Zot
 85943 | Hell     | Learned a level 2 spell: Blink
 85950 | Hell     | Learned a level 6 spell: Dispersal
 85959 | Hell     | Learned a level 8 spell: Disjunction
 86018 | Depths:3 | Voluntarily entered the Abyss.
 86125 | Abyss:3  | Noticed an ancient lich
 86130 | Abyss:3  | Killed an ancient lich
 86131 | Abyss:3  | Reached skill level 1 in Spellcasting
 86131 | Abyss:3  | Reached skill level 1 in Translocations
 86273 | Abyss:3  | Found an ancient bone altar of Kikubaaqudgha.
 86326 | Abyss:4  | Found a corrupted altar of Lugonu.
 86376 | Abyss:4  | Noticed an ancient lich
 86379 | Abyss:4  | Killed an ancient lich
 86399 | Abyss:4  | Found a hide-covered altar of Uskayaw.
 86548 | Abyss:4  | Reached skill level 5 in Translocations
 86730 | Abyss:4  | Reached skill level 5 in Spellcasting
 86772 | Depths:3 | Escaped the Abyss
 87007 | Depths:3 | Voluntarily entered the Abyss.
 87545 | Depths:3 | Escaped the Abyss
 87566 | Pan      | Entered Pandemonium
 88071 | Pan      | Gained mutation: You occasionally lose the ability to drink
                  | potions when taking damage. [a cacodemon]
 88074 | Pan      | Lost mutation: You occasionally lose the ability to drink
                  | potions when taking damage. [potion of mutation]
 88074 | Pan      | Lost mutation: You do not regenerate when monsters are
                  | visible. [potion of mutation]
 88074 | Pan      | Gained mutation: Your spells are a little easier to cast,
                  | but a little less powerful. [potion of mutation]
 88074 | Pan      | Lost mutation: Your spells are a little easier to cast, but
                  | a little less powerful. [potion of mutation]
 88490 | Pan      | Noticed Fogy the pandemonium lord
 88494 | Pan      | Killed Fogy the pandemonium lord
 89088 | Pan      | Noticed Veofirr the pandemonium lord
 89092 | Pan      | Reached skill level 10 in Translocations
 89102 | Pan      | Killed Veofirr the pandemonium lord
 89116 | Pan      | Gained mutation: You are somewhat resistant to further
                  | mutation. [a neqoxec]
 89511 | Pan      | Found an exit through the horrors of the Abyss.
 90089 | Pan      | Noticed Kucapt the pandemonium lord
 90100 | Pan      | Killed Kucapt the pandemonium lord
 90498 | Pan      | Found an exit through the horrors of the Abyss.
 90524 | Pan      | Found an exit through the horrors of the Abyss.
 90680 | Pan      | Noticed Hiurig the pandemonium lord
 90685 | Pan      | Killed Hiurig the pandemonium lord
 91105 | Pan      | Reached skill level 10 in Spellcasting
 91216 | Pan      | Noticed Qel Akem the pandemonium lord
 91224 | Pan      | Killed Qel Akem the pandemonium lord
 91578 | Pan      | Found an exit through the horrors of the Abyss.
 91884 | Pan      | Identified the +7 whip of an ossuary {freeze, ^Drain rElec
                  | Int+6 Dex-5}
 92019 | Pan      | Noticed Ephax Holi the pandemonium lord
 92024 | Pan      | Killed Ephax Holi the pandemonium lord
 92732 | Pan      | Found an exit through the horrors of the Abyss.
 93049 | Pan      | Noticed Sise the pandemonium lord
 93061 | Pan      | Killed Sise the pandemonium lord
 93071 | Pan      | Identified the +3 flail of Perversion {drain, rC- Str+4
                  | Int+5}
 93388 | Pan      | Found an exit through the horrors of the Abyss.
 93727 | Pan      | Noticed Hivo the pandemonium lord
 93731 | Pan      | Killed Hivo the pandemonium lord
 93880 | Pan      | Found an exit through the horrors of the Abyss.
 93887 | Pan      | Identified the +0 cloak of Minor Irritation {Harm *Slow
                  | Stlth+}
 94001 | Pan      | Noticed Jikinaer the pandemonium lord
 94011 | Pan      | Killed Jikinaer the pandemonium lord
 94260 | Pan      | Gained mutation: You are weak. (Str -2) [a neqoxec]
 94270 | Pan      | Gained mutation: Your health recovers twice as slowly from
                  | being drained. [a cacodemon]
 94432 | Pan      | Reached skill level 15 in Translocations
 94852 | Pan      | Identified the blade talisman of the Chimera {rElec Int+5
                  | Dex-2 Slay-4}
 95056 | Pan      | Found an exit through the horrors of the Abyss.
 95214 | Pan      | Noticed Qomnaj the pandemonium lord
 95219 | Pan      | Killed Qomnaj the pandemonium lord
 96092 | Pan      | Noticed Goawusus the pandemonium lord
 96100 | Pan      | Killed Goawusus the pandemonium lord
 96204 | Pan      | Found an exit through the horrors of the Abyss.
 96968 | Pan      | Gained mutation: You are very weak. (Str -4) [a cacodemon]
 96995 | Pan      | Noticed Hocit the pandemonium lord
 97000 | Pan      | Killed Hocit the pandemonium lord
 97724 | Pan      | Noticed Cosuth the pandemonium lord
 97729 | Pan      | Killed Cosuth the pandemonium lord
 98791 | Pan      | Noticed Efois the pandemonium lord
 98791 | Pan      | Found a huge runed translucent gate.
 98791 | Pan      | Found a huge runed translucent gate.
 98791 | Pan      | Found a huge runed translucent gate.
 98791 | Pan      | Found a huge runed translucent gate.
 98791 | Pan      | Found a huge runed translucent gate.
 98791 | Pan      | Found a huge runed translucent gate.
 98791 | Pan      | Found a huge runed translucent gate.
 98796 | Pan      | Killed Efois the pandemonium lord
 99226 | Pan      | Reached skill level 15 in Spellcasting
 99485 | Pan      | Found a runed translucent door.
 99700 | Pan      | Found an exit through the horrors of the Abyss.
100282 | Pan      | Noticed Awnibbit the pandemonium lord
100294 | Pan      | Killed Awnibbit the pandemonium lord
100417 | Pan      | Gained mutation: You occasionally shout uncontrollably at
                  | your foes. [a cacodemon]
100864 | Pan      | Noticed Ranlyhio the pandemonium lord
100870 | Pan      | Killed Ranlyhio the pandemonium lord
101063 | Pan      | Found an exit through the horrors of the Abyss.
101184 | Pan      | Found an exit through the horrors of the Abyss.
101212 | Pan      | Noticed Liuno the pandemonium lord
101219 | Pan      | Killed Liuno the pandemonium lord
101904 | Pan      | Took an exit into the Abyss.
101904 | Abyss:4  | Escaped into the Abyss
101927 | Abyss:4  | Got the Monograph on the Zephyr
101942 | Depths:3 | Escaped the Abyss
101944 | Depths:3 | Lost mutation: Your health recovers twice as slowly from
                  | being drained. [potion of mutation]
101944 | Depths:3 | Lost mutation: You are very weak. (Str -4) [potion of
                  | mutation]
101944 | Depths:3 | Lost mutation: Your flesh is heat resistant. (rF+) [potion
                  | of mutation]
101944 | Depths:3 | Gained mutation: You are mostly covered in iridescent
                  | scales. (AC +4) [potion of mutation]
101945 | Depths:3 | Lost mutation: Your mind is acute. (Int +4, Str/Dex -1)
                  | [potion of mutation]
101945 | Depths:3 | Lost mutation: You are somewhat resistant to further
                  | mutation. [potion of mutation]
101945 | Depths:3 | Lost mutation: You are mostly covered in iridescent scales.
                  | (AC +4) [potion of mutation]
101945 | Depths:3 | Gained mutation: You occasionally lose the ability to read
                  | scrolls when taking damage. [potion of mutation]
101945 | Depths:3 | Gained mutation: You are covered in fur. (AC +1) [potion of
                  | mutation]
101946 | Depths:3 | Lost mutation: You are partially covered in iridescent
                  | scales. (AC +2) [potion of mutation]
101946 | Depths:3 | Lost mutation: You are weak. (Str -2) [potion of mutation]
101946 | Depths:3 | Lost mutation: You occasionally shout uncontrollably at
                  | your foes. [potion of mutation]
101946 | Depths:3 | Gained mutation: Your magical capacity is low. (-10% MP)
                  | [potion of mutation]
101946 | Depths:3 | Gained mutation: Your body sometimes deteriorates upon
                  | taking damage. [potion of mutation]
101946 | Depths:3 | Gained mutation: Your muscles are strong. (Str +4, Int/Dex
                  | -1) [potion of mutation]
101946 | Depths:3 | Gained mutation: Your muscles are very strong. (Str +8,
                  | Int/Dex -2) [potion of mutation]
101947 | Depths:3 | Lost mutation: You occasionally lose the ability to read
                  | scrolls when taking damage. [potion of mutation]
101947 | Depths:3 | Lost mutation: You are covered in fur. (AC +1) [potion of
                  | mutation]
101947 | Depths:3 | Lost mutation: Your magical capacity is low. (-10% MP)
                  | [potion of mutation]
101947 | Depths:3 | Gained mutation: You are partially covered in iridescent
                  | scales. (AC +2) [potion of mutation]
101948 | Depths:3 | Lost mutation: Your muscles are very strong. (Str +8,
                  | Int/Dex -2) [potion of mutation]
101948 | Depths:3 | Lost mutation: You are partially covered in iridescent
                  | scales. (AC +2) [potion of mutation]
101948 | Depths:3 | Lost mutation: Your muscles are strong. (Str +4, Int/Dex
                  | -1) [potion of mutation]
101948 | Depths:3 | Gained mutation: You have hidden genetic potential. [potion
                  | of mutation]
101948 | Depths:3 | Gained mutation: Your body often deteriorates upon taking
                  | damage. [potion of mutation]
102001 | Dis:1    | Entered Level 1 of the Iron City of Dis
102383 | Dis:3    | Was placed under penance by the Shining One
102928 | Dis:4    | Lost mutation: Your body often deteriorates upon taking
                  | damage. [potion of mutation]
102928 | Dis:4    | Lost mutation: You have hidden genetic potential. [potion
                  | of mutation]
102928 | Dis:4    | Gained mutation: You expend magic power (3 MP) to
                  | strengthen your wands. [potion of mutation]
102928 | Dis:4    | Gained mutation: Your flesh is heat resistant. (rF+)
                  | [potion of mutation]
102929 | Dis:4    | Lost mutation: You expend magic power (3 MP) to strengthen
                  | your wands. [potion of mutation]
102929 | Dis:4    | Lost mutation: Your flesh is heat resistant. (rF+) [potion
                  | of mutation]
102929 | Dis:4    | Lost mutation: Your body sometimes deteriorates upon taking
                  | damage. [potion of mutation]
102929 | Dis:4    | Gained mutation: You are robust. (+10% HP) [potion of
                  | mutation]
103391 | Dis:7    | Entered Level 7 of the Iron City of Dis
104483 | Dis:7    | Noticed a juggernaut
104490 | Dis:7    | Noticed Dispater
104494 | Dis:7    | Killed a juggernaut
104508 | Dis:7    | Killed from afar by Dispater

Illustrated notes

Levels and vault maps discovered:
D:1:      ldierk_walled_garden_2, layout_basic, serial_shops,
          nicolae_shop_peninsula, chequers_big_river
D:2:      layout_basic, shapermc_ecumenical_altar_petra
D:3:      layout_basic, uniq_natasha, uniq_robin
D:4:      layout_cave_pools, mainiacjoe_overflow_small_starburst,
          minmay_fountain_box, minmay_pentomino_pile
D:5:      layout_gridville, minmay_temple_entry_glass, st_stairs_14,
          uniq_menkaure
D:6:      layout_cave_pools, grunt_temple_overflow_open,
          grunt_dithmenos_shadows, minitemple, serial_park,
          serial_park_tiny_pond, serial_park_tiny_2, serial_park_avenue1,
          dreamdust_princess_corridor, minivault_11
D:7:      layout_cave_pools, nicolae_ossuary_entry_giza,
          minmay_shop_enchanted_jewellery, minmay_misc_feat_cross
D:8:      layout_rooms, old_standard_altar, serial_undead, serial_undead_b,
          serial_undead_c, serial_undead_d, serial_undead_f, serial_undead_b,
          serial_undead_f, serial_undead_a, serial_undead_f, serial_undead_f,
          serial_undead_a, gammafunk_ghost_ooze, uniq_joseph
D:9:      layout_irregular_city, worldfamousw_hep_ancestral_shrine
D:10:     layout_roguey, dpeg_oklobed_lair, hiddenorc2_lemuel,
          hellmonk_ghost_big_iron, kennysheep_pointless_box, uniq_psyche
D:11:     layout_stronghold, gammafunk_ghost_smash, uniq_erolcha, uniq_amaemon,
          uniq_grum
D:12:     layout_stronghold, kennysheep_diamond, nrook_pool_corridor, drop_trap,
          minivault_1, uniq_rupert, uniq_kirke
D:13:     layout_roguey, gammafunk_ghost_fury_of_okawaru, uniq_frances
D:14:     layout_stronghold, ximxim_vaults_locker_room, serial_shops, shop,
          nemelex_xobeh_ov_fountains_minmay
D:15:     hangedman_depths_entry_civil_slaughter, layout_basic,
          nicolae_two_hexagons
Temple:   eino_temple_lava
Lair:1:   layout_long_grid
Lair:2:   layout_cave_pods
Lair:3:   layout_hall_layers, skrybe_swamp_entry_bodies,
          minmay_snake_entry_six_corridors, serial_forest,
          infiniplex_forest_straight_4, infiniplex_forest_lined_room_2,
          infiniplex_forest_join, infiniplex_forest_straight_4,
          infiniplex_forest_clump_tiny, infiniplex_forest_straight_5,
          nicolae_quartered_pool_impasse, beast_lair_carwin_1,
          infiniplex_staircase_pool
Lair:4:   layout_gridlike, minmay_slime_entry_jelly_boxes, st_stairs_10,
          uniq_snorg
Lair:5:   gammafunk_lair_ancient_temple, layout_loops_ring, ebering_ghost_xom
Swamp:1:  tekkud_swamp_unearthing_site, layout_falls_marsh,
          evilmike_swamp_ruin_house_4, evilmike_swamp_ruin_wall
Swamp:2:  layout_falls_marsh, evilmike_swamp_ruin_house_1, swamp_pool_5,
          nicolae_swamp_decorative_isthmus, uniq_nikola
Swamp:3:  layout_basic_swamp, nicolae_swamp_triple_paths
Swamp:4:  swamp, layout_basic_swamp, swamp_pool_3, nicolae_swamp_treefoil,
          nicolae_swamp_catching_bugs, uniq_bai_suzhen
Snake:1:  layout_grid_maze, serial_shops, shop, uniq_roxanne, uniq_donald,
          uniq_aizul
Snake:2:  layout_concentric_octagons, gammafunk_ghost_wrathful_warriors,
          special_room, uniq_vashnia
Snake:3:  layout_chambers, grunt_megastairs_2, uniq_azrael, uniq_mlioglotl
Snake:4:  hellmonk_snake_rune_quicksilver_temple, layout_onion_interference
Slime:1:  layout_caves
Slime:2:  layout_caves
Slime:3:  layout_caves
Slime:4:  layout_caves
Slime:5:  slime_pit_nicolae_inversion
Orc:1:    layout_caves, serial_shops, nicolae_shop_peninsula, mines5_lemuel,
          uniq_fannar
Orc:2:    grunt_orc_community_town_hall, layout_caves,
          grunt_orc_community_big_house_2, grunt_orc_community_big_house_2,
          grunt_orc_community_house_2, grunt_orc_community_house_2,
          grunt_orc_community_house_3, grunt_orc_community_house_3,
          grunt_orc_community_house_3, grunt_orc_community_house_3
Elf:1:    eino_elf_arrival_sip, layout_geoelf_octagon,
          hangedman_elven_crosses_minicolossus, lemuel_upstairs_altar
Elf:2:    nicolae_elf_blades_splatter_lattice [mumra_blade_entry_dagger],
          layout_loops_cross, serial_shops, statue_bzr, gammafunk_ghost_cemetery
Elf:3:    minmay_elf_hall_spiked, layout_loops_corners, enter_trove_2,
          serial_shops, shop
Vaults:1: nicolae_vaults_oval_intersection, grunt_vaults_funnel,
          nicolae_vaults_surprise_closet, minmay_orc_keep,
          nicolae_vaults_house_1, nicolae_vaults_twisting_passages,
          vaults_room_door_ring, vaults_mumra_hexcomb,
          nicolae_vaults_trapezoid_3, hangedman_vaults_restitches, v_misc_8,
          layout_vaults_omnibox
Vaults:2: mu_enter_wizlab_1, grunt_vaults_bifocal, v_pattern_5, v_misc_33,
          nicolae_vaults_tangram_2, v_misc_29, nicolae_vaults_angled_halls,
          nicolae_vaults_rhombus_7, nicolae_vaults_heart-shaped_vault,
          layout_vaults_omnigrid, uniq_boris
Vaults:3: nicolae_vaults_hexular_roomagon, v_rooms_3, vaults_room_door_ring,
          dpeg_index_elf_rogue_hall, lemuel_angel_altar,
          minmay_crypt_entry_simple_walls, v_alt_pattern_3,
          vaults_room_ringed_pool, nicolae_vaults_frosty_reception,
          nicolae_vaults_little_squares_3, vaults_room_pool, vaults_dpeg_ring,
          nicolae_vaults_little_squares_3, nicolae_vaults_house_2,
          nicolae_vaults_tetromino_L_2, ontoclasm_vaults_tryst,
          ontoclasm_vaults_misaligned, layout_vaults_maze_bifur, serial_shops,
          nicolae_shop_advertising_works [nicolae_subvault_shop_adworks],
          uniq_zenata
Vaults:4: nicolae_vaults_tangram_2, vaults_standard_mumra_lines, v_misc_26,
          vaults_mumra_minichess_inversion, nicolae_vaults_security_offices_2,
          nicolae_vaults_stairing_the_circle, nicolae_vaults_cornered_office,
          ontoclasm_vaults_spin, hangedman_vaults_corner_blocks,
          nicolae_vaults_lightning_bolt, ontoclasm_vaults_ring_square,
          nicolae_vaults_storage_room_glass, layout_vaults_ring
Vaults:5
Crypt:1:  layout_basic, uniq_saint_roka, uniq_margery
Crypt:2:  layout_rooms, hex_medium, lemuel_elevator, uniq_khufu
Crypt:3:  lightli_unholy_cathedral, layout_chaotic_city,
          tomb_entry_shell_bobbens
Depths:1: layout_cave_shapes, pf_coc_iceberg, rand_demon_pan_entry_3,
          hangedman_abyss_or_decor_passed, serial_nicolae_subway,
          nicolae_sub_station_metal, nicolae_sub_station_stone,
          nicolae_sub_station_crystal, serial_bayou_shore_b,
          serial_bayou_shore_b, minmay_shop_star
Depths:2: gammafunk_corrupted_shrine, layout_basic, enter_ziggurat_c, pan_entry,
          serial_rivers, chequers_serial_rivers_small_a,
          chequers_serial_rivers_small_3, chequers_serial_rivers_room_a,
          chequers_serial_rivers_micro_b, hell_entry, abyss_entry,
          fedhas_altar_1, minmay_staircase_statues, uniq_norris
Depths:3: minmay_box_of_statues, layout_gridlike, hangedman_decor_riveting,
          hell_entry, abyss_entry_flame_altar, pan_entry, zin_academy
Depths:4: evilmike_zot_entry_round, layout_cave_shapes, lightli_too_deep,
          uniq_enchantress
Hell
Dis:1:    layout_gridville, nicolae_dis_grated_feature
Dis:2:    layout_gridville
Dis:3:    layout_regular_city, nrook_loot_triangle
Dis:4:    layout_regular_city
Dis:5:    layout_regular_city
Dis:6:    layout_subdivisions
Dis:7:    dis_st
Geh:1:    layout_gehenna_lava_caves, nicolae_geh_isolated_escape
Geh:2:    layout_gehenna_lava_caves
Geh:3:    layout_gehenna_pools_basic
Geh:4:    layout_gehenna_lava_caves, hangedman_elemental_grid_stream
Geh:5:    layout_gehenna_lava_caves, nicolae_hells_seeping_fissure
Geh:6:    nicolae_geh_seventh_circle, layout_gehenna_pools_triple,
          nicolae_geh_lava_lounge
Geh:7:    geh_old
Zot:1:    regret_index_infernal_bastille, layout_misc_corridors,
          regret_index_zotdec_magical_s, st_small_dragon_hoard_1,
          guppyfry_library_mini
Zot:2:    layout_cathedral_of_symmetry, grunt_megastairs_1
Zot:3:    layout_cathedral_of_symmetry, hangedman_zot_diagonal_lockstep,
          drop_trap, nicolae_lava_and_water, uniq_josephina
Zot:4:    regret_index_zot_pan_timeshare, layout_onion_interference
Zot:5:    layout_misc_corridors

Skill      XL: |  1  2  3  4  5  6  7  8  9 10 11 12 13 14 15 16 17 18 19 20 21 22 23 24 25 26 27 |
---------------+----------------------------------------------------------------------------------+-----
Ranged Weapons | 4 5 11 12 13 14 15 16 17 18 19 22 27 | 27.0
Invocations    | 2 3 5 7 8 9 10 25 | 25.5
Fighting       | 6 10 11 12 13 17 19 21 23 24 26 27 | 27.0
Dodging        | 4 7 10 11 13 15 19 22 24 25 26 27 | 27.0
Evocations     | 27 | 27.0
Spellcasting   | 17 | 17.0
Translocations | 19 | 19.9
Stealth        | |  0.7

Action                     |  1- 3 |  4- 6 |  7- 9 | 10-12 | 13-15 | 16-18 | 19-21 | 22-24 | 25-27 || total
---------------------------+-------+-------+-------+-------+-------+-------+-------+-------+-------++-------
  Melee: Hand cannon       |       |       |       |       |       |       |       |       |     2 ||     2
   Fire: Sling             |   132 |   288 |   734 |   888 |   670 |   822 |   707 |       |       ||  4241
         Hand cannon       |       |       |       |    70 |   670 |   822 |  1199 |  1662 |  6209 || 10632
         Greatsling        |       |       |       |       |       |       |       |       |  5267 ||  5267
 Invoke: Heroism           |       |       |       |     1 |     7 |     5 |     8 |     8 |     1 ||    30
         Finesse           |       |       |       |     1 |     6 |     4 |     8 |     6 |     1 ||    26
         Receive Weapon    |       |       |       |     1 |       |       |       |       |       ||     1
         Receive Armour    |       |       |       |     1 |       |       |       |       |       ||     1
         Divine Shield     |       |       |       |       |       |       |       |       |    33 ||    33
         Cleansing Flame   |       |       |       |       |       |       |       |       |     6 ||     6
         Summon Divine War |       |       |       |       |       |       |       |       |    16 ||    16
         Brand Weapon With |       |       |       |       |       |       |       |       |     1 ||     1
Ability: Invent Gizmo      |       |       |       |       |     1 |       |       |       |       ||     1
  Evoke: Wand              |       |       |       |       |       |       |       |     1 |     1 ||     2
    Use: Scroll            |     8 |     7 |    11 |    11 |     2 |       |     5 |    14 |    48 ||   106
         Potion            |       |     1 |     1 |     5 |       |       |     1 |     7 |    57 ||    72
 Armour: Leather armour    |     4 |     7 |    64 |    25 |       |       |       |       |       ||   100
         Skin              |       |       |    10 |       |       |       |       |       |       ||    10
         Acid dragon scale |       |       |       |   120 |    54 |       |       |   127 |   830 ||  1131
         Robe              |       |       |       |       |    31 |   123 |   158 |    52 |       ||   364
  Dodge: Dodged            |     3 |     8 |    65 |    92 |    59 |    83 |   196 |   362 |  1819 ||  2687
  Block: Other             |       |       |       |       |       |       |       |       |   130 ||   130

Table legend: (Time is in decaauts)
 A = Elapsed time spent in this place.
 B = Non-inter-level travel time spent in this place.
 C = Inter-level travel time spent in this place.
 D = Time resting spent in this place.
 E = Time spent auto-exploring this place.
 F = Levels seen in this place.
 G = Mean time per level.
                   A        B        C        D        E       F      G
               +--------+--------+--------+--------+--------+-----+--------+
         Total | 103973 |  93205 |  10768 |   7916 |  67778 | 116 |  896.3 |
       Dungeon |  15855 |  12590 |   3265 |    641 |   9966 |  15 | 1057.0 |
        Temple |     36 |     12 |     24 |      0 |      0 |   1 |   36.0 |
          Lair |   5903 |   4791 |   1112 |      8 |   3979 |   5 | 1180.6 |
         Swamp |   3114 |   2991 |    123 |    195 |   2313 |   4 |  778.5 |
     Snake Pit |   4603 |   4230 |    373 |    120 |   3492 |   4 | 1150.8 |
    Slime Pits |   3518 |   2958 |    560 |    179 |   2084 |   5 |  703.6 |
  Orcish Mines |   1667 |   1418 |    249 |      0 |   1122 |   2 |  833.5 |
   Elven Halls |   4608 |   3987 |    621 |    121 |   3175 |   3 | 1536.0 |
        Vaults |   9925 |   8511 |   1414 |     47 |   7112 |   5 | 1985.0 |
         Crypt |   3478 |   3246 |    232 |    539 |   2017 |   3 | 1159.3 |
        Depths |   6620 |   5157 |   1463 |   1623 |   2676 |   4 | 1655.0 |
          Hell |    528 |    444 |     84 |      0 |    284 |   1 |  528.0 |
           Dis |   2440 |   2411 |     29 |   1751 |    283 |   7 |  348.6 |
       Gehenna |   2775 |   2548 |    227 |    139 |   1915 |   7 |  396.4 |
           Zot |   8778 |   7789 |    989 |   1522 |   4911 |   5 | 1755.6 |
         Abyss |   2490 |   2490 |      0 |    212 |   1059 |   8 |  311.2 |
   Pandemonium |  26330 |  26330 |      0 |    640 |  20501 |  34 |  774.4 |
        Bazaar |    117 |    117 |      0 |      0 |     94 |   1 |  117.0 |
       Ossuary |    174 |    174 |      0 |      0 |    106 |   1 |  174.0 |
        Wizlab |   1005 |   1005 |      0 |    174 |    686 |   1 | 1005.0 |
               +--------+--------+--------+--------+--------+-----+--------+

Top non-repeatable levels by time:
Vaults:3: 2990 daAuts
   Zot:1: 2620 daAuts
Depths:3: 2157 daAuts
   Zot:2: 2003 daAuts
Vaults:2: 1940 daAuts
   Zot:3: 1939 daAuts
Vaults:4: 1919 daAuts
   Elf:3: 1875 daAuts
 Crypt:3: 1792 daAuts
Depths:2: 1738 daAuts
Depths:4: 1736 daAuts
Vaults:5: 1663 daAuts
    D:14: 1615 daAuts
    D:10: 1585 daAuts
 Snake:3: 1507 daAuts
